 Dungeon Crawl Stone Soup version 0.13-a0-1672-g2e244fd (webtiles) character file.

227 Kae the Chiller (level 3, -3/24 HPs)
             Began as a Demonspawn Ice Elementalist on June 19, 2013.
             Killed from afar by an orc wizard (8 damage)
             ... with a puff of frost
             ... on Level 3 of the Dungeon.
             The game lasted 00:02:22 (1496 turns).

Kae the Chiller (Demonspawn Ice Elementalist)       Turns: 1496, Time: 00:02:22

HP  -3/24        AC  4     Str  8      XL: 3   Next: 33%
MP   0/6         EV 12     Int 17      God:
Gold 185         SH  0     Dex 13      Spells:  1 memorised,  4 levels left

Res.Fire  : . . .   See Invis. : .   (no weapon)
Res.Cold  : . . .   Warding    : .   a - +0 robe (curse)
Life Prot.: . . .   Conserve   : .   (no shield)
Res.Poison: .       Res.Corr.  : .   (helmet restricted)
Res.Elec. : .       Clarity    : .   (no cloak)
Sust.Abil.: . .     Spirit.Shd : .   (no gloves)
Res.Mut.  : .       Stasis     : .   (no boots)
Res.Rott. : .       Flight     : .   (no amulet)
Saprovore : . . .                    (no ring)
                                     (no ring)

@: very slightly contaminated, not resistant to hostile enchantments, fairly
stealthy
A: horns 1, AC +2
a: no special abilities


You were on level 3 of the Dungeon.
You were very hungry.

You visited 1 branch of the dungeon, and saw 3 of its levels.

You collected 165 gold pieces.

Inventory:

Armour
 a - a cursed +0 robe (worn)
 r - a +0 elven buckler
Magical devices
 p - a wand of magic darts (12) {unknown}
Comestibles
 c - 2 bread rations
 d - a pear
 g - 2 meat rations
Scrolls
 e - a scroll of noise {unknown}
 h - a scroll of magic mapping
 j - a scroll of curse weapon {unknown}
 l - a scroll of curse armour
 m - a scroll of curse jewellery {unknown}
 o - a scroll of enchant weapon I {unknown}
 q - a scroll of identify {unknown}
Jewellery
 t - an uncursed ring of fire {unknown}
Potions
 f - 2 potions of curing {unknown}
 i - a potion of magic {unknown}
 k - a potion of beneficial mutation {unknown}
 n - a potion of heal wounds {unknown}
 s - a potion of might {unknown}
Books
 b - a book of Frost

   Spells                             Type                      Level
   *Freeze                            Ice                          1
   Throw Frost                        Conjuration/Ice              2
   Ozocubu's Armour                   Charms/Ice                   3
   Throw Icicle                       Conjuration/Ice              4
   Summon Ice Beast                   Ice/Summoning                4
   Condensation Shield                Ice                          4


   Skills:
 - Level 1.7 Dodging
 - Level 1.7 Stealth
 + Level 1.6 Spellcasting
   Level 1.0 Conjurations
 * Level 3.7 Ice Magic


You had 4 spell levels left.
You knew the following spells:

 Your Spells              Type           Power        Failure   Level  Hunger
a - Freeze                Ice            ##..         4%          1    ##.....


Dungeon Overview and Level Annotations

Branches:
Dungeon (3/27)

Altars:
Ashenzari


Innate Abilities, Weirdness & Mutations

You have a pair of small horns on your head.
You are partially covered in yellow scales (AC +2).


Message History

The orc wizard casts a spell at you. The puff of frost hits you!
* * * LOW HITPOINT WARNING * * *
Read which item? (? for menu, Esc to quit)
As you read the scroll labeled AFOINY XEUWYNN, it crumbles to dust.
Your +0 robe glows black for a moment.
It was a scroll of curse armour.
The orc wizard barely misses you.
Read which item? (? for menu, Esc to quit)
Okay, then.
Read which item? (? for menu, Esc to quit)
You can't read that!
Unknown command.
Unknown command.
Unknown command.
Read which item? (? for menu, Esc to quit)
As you read the scroll labeled QEADWE GHOGHOCH, it crumbles to dust.
You feel aware of your surroundings.
It was a scroll of magic mapping.
The orc wizard points at you and mumbles some strange words.
The puff of frost hits you!
You die...

##.....(....# #.#
#.## #.........##
#.# #...
#.......#.# #.#
#### #.........#
#.# # ##........##
#.# # ...##...#.#
#.# # .####...#.#
#.# #######
.###......# #.#
#......
..........#*** #@#
#.#####
####.........# #o#
#.#
##........#*#.#****
#.# ** *##........
so.,,,* #.#
,,,,,........
*#.#**,* #.# ###
,****#......,* #^#
*,* #.# #.. ,*
#.....,,* #.# *,*
#.###.. ,* #....
,,,..# *,* #......
*****.,,,**,**### *
* #####..


You could see an orc wizard, a giant mite and an orc.

Vanquished Creatures
  A worm (D:2)
  An orc (D:3)
  4 goblins
  3 hobgoblins
  3 ball pythons (D:1)
  5 bats
  3 giant cockroaches
  2 giant newts
  8 kobolds
  3 rats
33 creatures vanquished.

Notes
Turn   | Place    | Note
--------------------------------------------------------------
     0 | D:1      | Kae, the Demonspawn Ice Elementalist, began the quest for the Orb.
     0 | D:1      | Reached XP level 1. HP: 13/13 MP: 3/3
     5 | D:1      | Noticed a killer bee
     5 | D:1      | Noticed a lindwurm
     5 | D:1      | Noticed a swamp drake
     5 | D:1      | Noticed a black bear
   102 | D:1      | Reached skill level 3 in Ice Magic
   146 | D:1      | Gained mutation: You have a pair of small horns on your head. [demonic ancestry]
   146 | D:1      | Reached XP level 2. HP: 8/19 MP: 1/4
   956 | D:2      | Gained mutation: You are partially covered in yellow scales (AC +2). [demonic ancestry]
   956 | D:2      | Reached XP level 3. HP: 16/24 MP: 1/6
   985 | D:2      | Found a shattered altar of Ashenzari.
  1496 | D:3      | Killed from afar by an orc wizard

Action                   || total
-------------------------++-------
Melee: Unarmed           ||    53
 Cast: Freeze            ||    47
  Use: Scroll            ||     2
 Stab: Sleeping          ||     2
